 Dungeon Crawl Stone Soup version 0.29.1-1-gd02db6906a (webtiles) character file.

Game seed: 4949519012671708209

1125 Ashen the Firebug (level 8, 57/57 HPs)
             Began as a Demonspawn Fire Elementalist on Oct 4, 2022.
             Was a Believer of Vehumet.
             Got out of the dungeon alive.
             The game lasted 00:18:11 (8302 turns).

Ashen the Firebug (Demonspawn Fire Elementalist)    Turns: 8302, Time: 00:18:12

Health: 57/57      AC:  5    Str:  9    XL:     8   Next: 13%
Magic:  14/14      EV: 13    Int: 19    God:    Vehumet [**....]
Gold:   310        SH:  0    Dex: 13    Spells: 9/16 levels left

rFire   . . .      SeeInvis .   z - +1 mace (protect)
rCold   . . .      Faith    .   (no shield)
rNeg    . . .      Spirit   .   a - +0 robe
rPois   .          Reflect  .   (no helmet)
rElec   .          Harm     .   j - +0 cloak
rCorr   +          Rampage  .   (no gloves)
Will    .....                   (no boots)
Stlth   ++........              d - amulet of magic regeneration
HPRegen 0.19/turn               c - ring of resist corrosion
MPRegen 0.54/turn               l - ring of flight

@: flying
A: yellow scales 1, ignite blood 1, powered by death 1, demonic touch 1
a: Renounce Religion


You escaped.
You worshipped Vehumet.
Vehumet was pleased with you.
You visited 2 branches of the dungeon, and saw 7 of its levels.
You also visited: Ossuary.

You collected 310 gold pieces.

Inventory:

Hand Weapons
 z - a +1 mace of protection (weapon)
Armour
 a - a +0 robe (worn)
 j - a +0 cloak (worn)
 q - a +0 buckler
Jewellery
 c - a ring of resist corrosion (left hand)
 d - an amulet of magic regeneration (around neck)
 l - a ring of flight (right hand)
Wands
 n - a wand of mindburst (20)
Scrolls
 e - 6 scrolls of identify {unknown}
 h - 2 scrolls of immolation {unknown}
 i - 6 scrolls of noise
 k - a scroll of poison {unknown}
 m - a scroll of amnesia {unknown}
 o - 4 scrolls of teleportation {unknown}
 t - 3 scrolls of enchant armour {unknown}
 w - a scroll of vulnerability {unknown}
 x - a scroll of silence {unknown}
 y - a scroll of blinking {unknown}
 B - 2 scrolls of fear {unknown}
 D - a scroll of enchant weapon {unknown}
Potions
 b - 3 potions of magic
 f - a potion of attraction {unknown}
 g - a potion of brilliance {unknown}
 p - 3 potions of curing {unknown}
 r - 2 potions of flight {unknown}
 s - 3 potions of mutation {unknown}
 u - 2 potions of haste {unknown}
 v - a potion of berserk rage {unknown}
 A - a potion of heal wounds {unknown}
 C - a potion of resistance {unknown}
 E - a potion of might {unknown}


   Skills:
 + Level 2.5 Fighting
 + Level 3.5 Dodging
 + Level 3.7 Stealth
 * Level 4.5 Spellcasting
 * Level 4.4 Conjurations
 * Level 4.9 Fire Magic


You had 9 spell levels left.
You knew the following spells:

 Your Spells              Type           Power      Damage    Failure   Level
a - Foxfire               Conj/Fire      88%        2x1d8     1%          1
b - Scorch                Fire           44%        2d7       2%          2
c - Flame Wave            Conj/Fire      22%        2d8       19%         4

Your spell library contained the following spells:

 Spells                   Type           Power      Damage    Failure   Level
 Searing Ray              Conj           42%        2d6       3%          2
 Conjure Flame            Conj/Fire      22%        6-21      6%          3
 Freeze                   Ice            16%        1d4       13%         1
 Inner Flame              Hex/Fire       13%        N/A       14%         3
 Ensorcelled Hibernation  Hex/Ice        8%         N/A       21%         2
 Passwall                 Tmut/Erth      3%         N/A       21%         2
 Frozen Ramparts          Ice            8%         1d2       36%         3
 Gell's Gravitas          Tloc           4%         N/A       36%         3
 Lesser Beckoning         Tloc           4%         N/A       36%         3
 Swiftness                Air            4%         N/A       36%         3
 Teleport Other           Tloc           4%         N/A       36%         3
 Hailstorm                Conj/Ice       12%        3d5       45%         4
 Olgreb's Toxic Radiance  Pois           4%         N/A       78%         4
 Ozocubu's Refrigeration  Ice            2%         4d7       100%        7
 Ignition                 Fire           11%        3d5       100%        8


Dungeon Overview and Level Annotations

Branches:
Dungeon (6/15)             Temple (1/1) D:4         Ossuary (visited)

Altars:
Cheibriados
Dithmenos
Fedhas
Kikubaaqudgha
Makhleb
Nemelex Xobeh
Okawaru
Qazlal
Ru
Sif Muna
Uskayaw
Vehumet
Yredelemnul

Shops:
D:6 (

Annotations:
D:5 Grinder, Sigmund


Innate Abilities, Weirdness & Mutations

You are partially covered in yellow scales. (AC +2)
Your demonic aura sometimes causes spilled blood to erupt in flames.
You regenerate a little health from kills.
Your touch may inflict minor irresistible damage on your foes.


Message History

An adder is nearby!
Casting: Foxfire (safe; 1% risk of failure)
Confirm with . or Enter, or press ? or * to list all spells.
You conjure some foxfire!
Casting: Foxfire (safe; 1% risk of failure)
Confirm with . or Enter, or press ? or * to list all spells.
You conjure some foxfire!
The adder hisses angrily.
The foxfire hits the adder.
The adder is moderately wounded.
Casting: Foxfire (safe; 1% risk of failure)
Confirm with . or Enter, or press ? or * to list all spells.
You conjure some foxfire!
The foxfire hits the adder!
You kill the adder!
Vehumet accepts your kill.
Unknown command.
Your foxfire dissipates!
Your foxfire dissipates! x2
There is a stone staircase leading up here.
You fly upwards.
There is a stone staircase leading down here.
You see here a +0 short sword.
Things that are here:
a +0 scale mail; a +0 dagger
There is a stone staircase leading up here.
You fly upwards.
There is a stone staircase leading down, spattered with blood here.
There is a stone staircase leading up here.
You fly upwards.
There is a stone staircase leading down here.
There is a stone staircase leading up here.
You fly upwards.
There is a stone staircase leading down here.
You reach down and open the door.
There is an open door here.
You see here a frilled lizard skeleton.
There is an open door here.
There is a staircase leading out of the dungeon here.
Are you sure you want to leave the Dungeon?
This will make you lose the game!
You have escaped!

......#..>####.# #....###
##....+........# #....# #
#....####..########## #....# #
#....# #.8.~~~~~~~~## #....###
#....# ##.~~~(....~~####....#..
#....#####.~~..~~~..~#..........
#.##....##.~.)~~~~~..#.#####....
#.#####..'.~.~~...~~.#.# #....
#.# ##.'.~..~@~..~.'.# ###.. #.#
###.~~...~~.~.'.# #.. #.#
#..~~~~~..~.### #.. #.#
#~..~~~..~~.#########.. #.#
#~~.....~~~.#.......(.. #.#
##~~~~~~~~.8+.......... #.#
##########............ #.#
######).........# #.#
#≈#.#.......)...#


There were no monsters in sight!

Vanquished Creatures
  An ice beast (D:4)
  2 centaurs
  A kobold brigand (D:4)
  A bullfrog (D:6)
  A scorpion (D:5)
  A howler monkey (D:6)
  A gnoll bouda (D:3)
  An orc priest (D:6)
  A hound (D:6)
  A human zombie (Ossuary)
  A jelly (D:5)
  Natasha (thrice) (D:3)
  4 iguanas
  Robin (D:3)
  5 mummies (Ossuary)
  3 gnolls (D:4)
  5 adders
  3 white imps
  An ufetubus (D:5)
  A worm (D:2)
  5 dart slugs
  15 orcs
  4 bats
  7 endoplasms
  3 giant cockroaches
  12 goblins
  10 hobgoblins
  3 jackals (D:1)
  4 kobolds
  2 quokkas
  10 ball pythons
  3 frilled lizards
  2 gnoll zombies (Ossuary)
  2 hobgoblin zombies (Ossuary)
  2 kobold zombies (Ossuary)
  An orc zombie (Ossuary)
  6 rats
129 creatures vanquished.

Vanquished Creatures (others)
  411 foxfires
411 creatures vanquished.

Grand Total: 540 creatures vanquished

Notes
Turn   | Place    | Note
-------+----------+-------------------------------------------
     0 | D:1      | Ashen the Demonspawn Fire Elementalist began the quest for
                  | the Orb.
     0 | D:1      | Reached XP level 1. HP: 13/13 MP: 3/3
   242 | D:1      | Gained mutation: Your touch may inflict minor irresistible
                  | damage on your foes. [demonic ancestry]
   242 | D:1      | Reached XP level 2. HP: 9/19 MP: 1/5
  1073 | D:1      | Reached XP level 3. HP: 24/24 MP: 4/6
  1511 | D:2      | Found a faded altar of an unknown god.
  1539 | D:2      | Found a radiant altar of Vehumet.
  1562 | D:2      | Became a worshipper of Vehumet
  1566 | D:2      | Learned a level 2 spell: Scorch
  2452 | D:3      | Reached XP level 4. HP: 31/31 MP: 3/7
  2721 | D:3      | Noticed Natasha
  2728 | D:3      | Killed Natasha
  3197 | D:3      | Noticed Robin
  3222 | D:3      | Noticed Natasha
  3250 | D:3      | Reached * piety under Vehumet
  3250 | D:3      | Offered knowledge of Magic Dart by Vehumet.
  3278 | D:3      | Killed Robin
  3279 | D:3      | Gained mutation: You regenerate a little health from kills.
                  | [demonic ancestry]
  3279 | D:3      | Reached XP level 5. HP: 35/36 MP: 0/9
  4233 | D:3      | Killed Natasha
  4395 | D:3      | Noticed Natasha
  4400 | D:3      | Killed Natasha
  4401 | D:3      | Reached skill level 1 in Fighting
  4991 | D:4      | Found a staircase to the Ecumenical Temple.
  5018 | Temple   | Entered the Ecumenical Temple
  5251 | D:4      | Gained mutation: You are partially covered in yellow
                  | scales. (AC +2) [demonic ancestry]
  5251 | D:4      | Reached XP level 6. HP: 38/43 MP: 2/10
  5529 | D:4      | Noticed an ice beast
  5951 | D:5      | Entered Level 5 of the Dungeon
  6151 | D:4      | Found a staircase to the Ecumenical Temple.
  6324 | D:4      | Killed an ice beast
  6325 | D:4      | Reached XP level 7. HP: 7/49 MP: 3/12
  6779 | D:5      | Noticed Grinder
  7065 | D:5      | Learned a level 4 spell: Flame Wave
  7244 | D:5      | Noticed Sigmund
  7345 | D:6      | Found Ruroll's Firing Range.
  7402 | D:6      | Offered knowledge of Searing Ray by Vehumet.
  7406 | D:6      | Reached ** piety under Vehumet
  7482 | D:6      | Found a sand-covered staircase.
  7491 | Ossuary  | Entered an ossuary
  7965 | D:6      | Gained mutation: Your demonic aura sometimes causes spilled
                  | blood to erupt in flames. [demonic ancestry]
  7965 | D:6      | Reached XP level 8. HP: 57/57 MP: 10/14
  8302 | D:$      | Got out of the dungeon alive.

Illustrated notes

Levels and vault maps discovered:
D:1:      psy_arrival_whirlpool, layout_basic, chequers_serial_rivers_small_b,
          minmay_misc_feat_five, grunt_decor_clamped, due_unseen_surprise
D:2:      layout_loops_ring, ebering_ecumenical_altar_abandoned, basic_altar
D:3:      layout_loops_corners, elyvilon_altar_3, small_statue_intersection,
          uniq_robin, uniq_natasha
D:4:      layout_cave_pods, minmay_temple_entry_large_hall, serial_column_ruins,
          column_ruins_pillar_1, column_ruins_pillar_10, column_ruins_pillar_11,
          column_ruins_pillar_7, column_ruins_pillar_1, column_ruins_pillar_9,
          column_ruins_pillar_6, column_ruins_pillar_12, column_ruins_pillar_6,
          column_ruins_pillar_2, column_ruins_pillar_4, column_ruins_pillar_3,
          column_ruins_pillar_2, column_ruins_pillar_6, column_ruins_pillar_6,
          column_ruins_pillar_7, column_ruins_pillar_1
D:5:      layout_basic, zin_statuary, minmay_misc_feat_diagonals,
          corexii_item_surrounded_by_moat, uniq_sigmund, uniq_grinder
D:6:      layout_rooms, nicolae_ossuary_entry_ruins,
          minmay_large_rounded_square, nicolae_shop_firing_range
Temple:   compressed_dpeg_circular_temple

Skill      XL: |  1  2  3  4  5  6  7 |
---------------+----------------------+-----
Stealth        | 2 3 |  3.7
Dodging        | 2 3 |  3.5
Fire Magic     | 3 4 |  4.9
Conjurations   | 2 3 4 |  4.4
Fighting       | 1 2 |  2.5
Spellcasting   | 3 4 |  4.5

Action                   |  1- 3 |  4- 6 |  7- 9 || total
-------------------------+-------+-------+-------++-------
Melee: Unarmed           |    33 |    29 |     7 ||    69
       Touch             |     8 |     5 |     5 ||    18
       Mace              |       |       |    12 ||    12
 Cast: Foxfire           |    64 |   104 |    77 ||   245
       Scorch            |       |     8 |    16 ||    24
  Use: Scroll            |       |       |     1 ||     1
 Stab: Sleeping          |     1 |     1 |       ||     2
Armor: Robe              |    10 |    15 |    11 ||    36
Dodge: Dodged            |    24 |    40 |    31 ||    95
